 Dungeon Crawl Stone Soup version 0.26-a0-962-g9b92081034 (webtiles) character file.

Game seed: 18421245862733268658

27 Dracia the Skirmisher (level 2, 0/24 HPs)
             Began as a Demonspawn Fighter on Dec 2, 2020.
             Slain by a leopard gecko (1 damage)
             ... on level 2 of the Dungeon.
             The game lasted 00:01:45 (862 turns).

Dracia the Skirmisher (Demonspawn Fighter)           Turns: 862, Time: 00:01:46

Health: 0/24       AC:  6    Str: 16    XL:     2   Next: 93%
Magic:  2/2        EV:  6    Int:  9    God:
Gold:   24         SH:  8    Dex: 12    Spells: 1/1 levels left

rFire    . . .     SeeInvis .   a - +0 trident
rCold    . . .     Faith    .   c - +0 kite shield
rNeg     . . .     Spirit   .   b - +0 scale mail
rPois    .         Reflect  .   (no helmet)
rElec    .         Harm     .   (no cloak)
rCorr    .         Rampage  .   (no gloves)
MR       .....                  (no boots)
Stlth    ..........             (no amulet)
HPRegen  0.08/turn              (no ring)
MPRegen  0.08/turn              (no ring)

@: lethally poisoned (0 -> -8), very slightly contaminated, hasted, invisible,
very quick
A: talons 1
a: no special abilities


You were on level 2 of the Dungeon.
You visited 1 branch of the dungeon, and saw 2 of its levels.

You collected 24 gold pieces.


Innate Abilities, Weirdness & Mutations

You have sharp toenails.


   Skills:
 + Level 3.4 Fighting
 + Level 2.2 Polearms
 - Level 2.6 Armour
 + Level 3.1 Shields


You had one spell level left.
You didn't know any spells.
Your spell library was empty.

Inventory:

Hand Weapons
 a - a +0 trident (weapon)
Armour
 b - a +0 scale mail (worn)
 c - a +0 kite shield (worn)
Scrolls
 e - 2 scrolls of remove curse {unknown}
 h - a scroll of enchant weapon {unknown}
 l - a scroll of immolation {unknown}
Potions
 d - a potion of might
 f - 2 potions of magic {unknown}
 i - 2 potions of flight {unknown}

Dungeon Overview and Level Annotations

Branches:
Dungeon (2/15)

Altars:

............#
............#
............####
#######........#
#########.....##.#
+$.!.....>#......#
#####..#...#.####
........#?#l#.#
..........#.@<#
......#.#####.#
......#.. ....
......#.. .#.###
..... #.. #...#
##### ....# ###


You could see a leopard gecko.


Message History

* * * LOW HITPOINT WARNING * * *
You are lethally poisoned!
The adder poisons you!
You miss the adder. Your kick misses the adder.
The adder is almost dead.
* * * LOW HITPOINT WARNING * * *
You feel sick. You block the adder's attack.
Unknown command.
You hit the adder.
You kill the adder!
* * * LOW HITPOINT WARNING * * *
You feel sick.
Unknown command.
You barely miss the leopard gecko. Your kick misses the leopard gecko.
* * * LOW HITPOINT WARNING * * *
You feel sick. You block the leopard gecko's attack.
The leopard gecko bites you but does no damage.
Unknown command.
It was a potion of cancellation.
You feel magically purged.
* * * LOW HITPOINT WARNING * * *
You feel sick. You block the leopard gecko's attack.
It was a potion of invisibility.
You fade into invisibility!
* * * LOW HITPOINT WARNING * * *
You feel sick. The leopard gecko bites you.
* * * LOW HITPOINT WARNING * * *
You are very lightly contaminated with residual magic.
It was a potion of haste.
You feel yourself speed up. The leopard gecko bites you.
You die...

Skill      XL: |  1  2 |
---------------+-------+-----
Polearms       | 2 |  2.2
Shields        | 3 |  3.1
Fighting       | |  3.4
Armour         | |  2.6

Action                   || total
-------------------------++-------
Melee: Trident           ||    42
       Kick              ||     3
  Use: Potion            ||     3
Armor: Scale mail        ||    13
Dodge: Dodged            ||     9
Block: Kite shield       ||    24

Levels and vault maps discovered:
D:1:      lemuel_arrival_cross, layout_basic, serial_aquarium,
          aquarium_bridge_long_joined [aquarium_subvault_wall,
          aquarium_subvault_window, aquarium_subvault_bridge,
          aquarium_subvault_bridge, aquarium_subvault_window,
          aquarium_subvault_window], aquarium_bridge_straight
          [aquarium_subvault_bridge, aquarium_subvault_window,
          aquarium_subvault_bridge, aquarium_subvault_wall],
          aquarium_window_fake, aquarium_window_1, aquarium_view_2b
D:2:      layout_basic, nicolae_ru_the_path_less_chosen

Notes
Turn   | Place    | Note
-------+----------+-------------------------------------------
     0 | D:1      | Dracia the Demonspawn Fighter began the quest for the Orb.
     0 | D:1      | Reached XP level 1. HP: 18/18 MP: 1/1
   137 | D:1      | Reached skill level 2 in Polearms
   161 | D:1      | Gained mutation: You have sharp toenails. [demonic
                  | ancestry]
   161 | D:1      | Reached XP level 2. HP: 24/24 MP: 2/2
   330 | D:1      | Reached skill level 3 in Shields
   861 | D:2      | HP: 1/24 [leopard gecko (4)]
   862 | D:2      | Slain by a leopard gecko

Vanquished Creatures
  An adder (D:2)
  A dart slug (D:1)
  5 bats (D:1)
  2 giant cockroaches (D:1)
  A goblin (D:1)
  2 hobgoblins (D:1)
  A kobold (D:1)
  A frilled lizard (D:1)
  2 rats (D:1)
16 creatures vanquished.

Table legend: (Time is in decaauts)
 A = Elapsed time spent in this place.
 B = Non-inter-level travel time spent in this place.
 C = Inter-level travel time spent in this place.
 D = Time resting spent in this place.
 E = Time spent auto-exploring this place.
 F = Levels seen in this place.
 G = Mean time per level.
                   A        B        C        D        E       F      G
               +--------+--------+--------+--------+--------+-----+--------+
         Total |    873 |    834 |     39 |      0 |    725 |   2 |  436.5 |
       Dungeon |    873 |    834 |     39 |      0 |    725 |   2 |  436.5 |
               +--------+--------+--------+--------+--------+-----+--------+

Top non-repeatable levels by time:
     D:1: 836 daAuts
     D:2: 36 daAuts

Table legend:
 A = Non-vault XP
 B = Vault XP
 C = Vault XP percentage of total XP
 D = Non-vault monster count
 E = Vault monster count
 F = Vault count percentage of total count
                 A         B        C        D         E       F
            +---------+---------+-------+---------+---------+-------
      Total |      39 |       0 |   0.0 |      16 |       0 |   0.0
            +---------+---------+-------+---------+---------+-------
        D:1 |      26 |       0 |   0.0 |      15 |       0 |   0.0
        D:2 |      13 |       0 |   0.0 |       1 |       0 |   0.0
            +---------+---------+-------+---------+---------+-------
